 Dungeon Crawl Stone Soup version 0.28.0 (webtiles) character file.

Game seed: 1924558525275803331

88 danielguo94 the Covered (level 4, 0/29 HPs)
             Began as a Gargoyle Fighter on Feb 9, 2022.
             Slain by a scorpion (5 damage)
             ... on level 2 of the Dungeon.
             The game lasted 00:02:20 (2339 turns).

danielguo94 the Covered (Gargoyle Fighter)          Turns: 2339, Time: 00:02:21

Health: 0/29       AC: 10    Str: 21    XL:     4   Next: 53%
Magic:  4/4        EV:  9    Int:  9    God:
Gold:   96         SH:  4    Dex:  9    Spells: 3/3 levels left

rFire   . . .      SeeInvis .   a - +0 flail
rCold   . . .      Faith    .   c - +0 buckler
rNeg    + . .      Spirit   .   b - +0 scale mail
rPois   ∞          Reflect  .   (no helmet)
rElec   +          Harm     .   (no cloak)
rCorr   .          Rampage  .   (no gloves)
Will    .....                   (no boots)
Stlth   ..........              (no amulet)
HPRegen 0.09/turn               (no ring)
MPRegen 0.09/turn               (no ring)

@: no status effects
A: sickness immunity, AC +3, negative energy resistance 1, electricity
resistance, torment resistance 1, petrification resistance
a: no special abilities


You were on level 2 of the Dungeon.
You visited 1 branch of the dungeon, and saw 3 of its levels.

You collected 96 gold pieces.

Inventory:

Hand Weapons
 a - a +0 flail (weapon)
Missiles
 f - 66 stones (quivered)
Armour
 b - a +0 scale mail (worn)
 c - a +0 buckler (worn)
Scrolls
 e - a scroll of enchant weapon
 g - 3 scrolls of identify
 h - a scroll of teleportation
Potions
 d - a potion of might
 j - a potion of berserk rage {unknown}


   Skills:
 + Level 3.6 Fighting
 * Level 3.2 Maces & Flails
 + Level 4.0 Armour
 + Level 0.8 Dodging
 + Level 3.6 Shields


You had 3 spell levels left.
You didn't know any spells.
Your spell library contained the following spells:

 Spells                   Type           Power      Damage    Failure   Level
 Sandblast                Erth           0%         2d4       80%         1
 Ensorcelled Hibernation  Hex/Ice        0%         N/A       91%         2
 Passwall                 Tmut/Erth      0%         N/A       91%         2
 Stone Arrow              Conj/Erth      0%         3d7       99%         3
 Swiftness                Air            0%         N/A       99%         3


Dungeon Overview and Level Annotations

Branches:
Dungeon (3/15)

Altars:


Innate Abilities, Weirdness & Mutations

You are immune to sickness and miasma.
Your stone body is resilient. (AC +3)
You are immune to poison.
You resist negative energy. (rN+)
You are resistant to electric shocks. (rElec)
You are resistant to unholy torment.
You are immune to petrification.


Message History

The bat moves out of view.
The bat hits you but does no damage. You block the bat's attack.
The scorpion barely misses you. The bat hits you but does no damage. x2
The bat hits you. The bat hits you but does no damage.
The bat barely misses you. The bat barely misses you.
The bat barely misses you. The bat closely misses you.
You block the bat's attack. You block the bat's attack. The bat misses you.
The bat closely misses you.
You closely miss the bat. The bat barely misses you. The bat hits you. x2
You hit the bat.
You kill the bat!
The scorpion stings you but does no damage.
You flicker for a moment.
The scorpion stings you but does no damage.
There is a stone staircase leading down here.
There is a stone staircase leading up here.
You flicker back into view.
The endoplasm quivers.
The scorpion stings you.
* * * LOW HITPOINT WARNING * * *
The endoplasm hits you but does no damage.
The scorpion stings you but does no damage.
You see here a bat corpse.
The scorpion closely misses you.
There is a stone staircase leading down here.
There is a stone staircase leading up here.
The scorpion stings you.
* * * LOW HITPOINT WARNING * * *
You climb upwards.
There is a stone staircase leading down here.
Unknown command.
You hit the scorpion.
The scorpion is severely wounded.
The scorpion stings you.
You die...

#.# #[#............# #.#
#.##.....###.#.#
######.####.###.#..###.#.#
#........##............#.#
#.####.#.######.########.#
#.##...#.# ##'## #.# #.##.###.#
##...## #.# #........#
##..s..## #†##
####..######....@..## #..####
..##...####.........####.....#
..........'.........'........#
.###...####.........####...#.##
.# #..## ##.......## #......##
.# #.## ##.....## #.#.###.#
.###<# ##...## #.#.# #.# .#...#
##'## #.#.###.# .#.#.# #.#
#.#....##


You could see a scorpion.

Vanquished Creatures
  Jessica (D:2)
  A worm (D:2)
  2 bats
  6 endoplasms (D:1)
  4 giant cockroaches (D:2)
  A goblin (D:1)
  3 hobgoblins
  5 jackals
  9 kobolds
  2 quokkas (D:1)
  7 ball pythons
  3 frilled lizards
  11 rats
55 creatures vanquished.

Vanquished Creatures (others)
  3 fungi (D:2)
  4 plants (D:2)
7 creatures vanquished.

Grand Total: 62 creatures vanquished

Notes
Turn   | Place    | Note
-------+----------+-------------------------------------------
     0 | D:1      | danielguo94 the Gargoyle Fighter began the quest for the
                  | Orb.
     0 | D:1      | Reached XP level 1. HP: 14/14 MP: 1/1
   272 | D:1      | Reached XP level 2. HP: 17/19 MP: 2/2
   600 | D:1      | Reached XP level 3. HP: 13/23 MP: 3/3
  1399 | D:2      | You fall into a shaft and drop 1 floor!
  1413 | D:2      | Noticed Jessica
  1419 | D:2      | Killed Jessica
  1420 | D:2      | Reached XP level 4. HP: 21/28 MP: 4/4
  1746 | D:2      | Found a faded altar of an unknown god.
  1884 | D:2      | Reached skill level 4 in Armour
  2219 | D:3      | Noticed a scorpion
  2339 | D:2      | Slain by a scorpion

Illustrated notes

Levels and vault maps discovered:
D:1:      erik_arrival_triangle_small, layout_loops_corners
D:2:      layout_loops_corners, shapermc_ecumenical_altar_mp_urbaneastern,
          uniq_jessica
D:3:      layout_rooms, chequers_serial_rivers_marsh

Skill      XL: |  1  2  3  4 |
---------------+-------------+-----
Maces & Flails | 3 |  3.2
Armour         | 4 |  4.0
Fighting       | |  3.6
Dodging        | |  0.8
Shields        | |  3.6

Action                   |  1- 3 |  4- 6 || total
-------------------------+-------+-------++-------
Melee: Flail             |    85 |    53 ||   138
  Use: Scroll            |     2 |     1 ||     3
       Potion            |       |     1 ||     1
Armor: Scale mail        |    35 |    30 ||    65
Dodge: Dodged            |    49 |    35 ||    84
Block: Buckler           |    26 |    10 ||    36
